 Dungeon Sprint DCSS version 0.17.1-1-g73c8601 (webtiles) character file.

190 Ponchio the Prestidigitator (level 5, 0/28 HPs)
             Began as a Deep Elf Fire Elementalist on Dec 25, 2015.
             Was an Initiate of Vehumet.
             Shot with an arrow of flame by a deep elf fighter (19 damage)
             ... in the Dungeon (Sprint V: "Ziggurat Sprint").
             The game lasted 00:04:44 (136 turns).

Ponchio the Prestidigitator (DEFE)                   Turns: 136, Time: 00:04:44

Health: 0/28       AC:  2    Str:  5    XL:     5   Next: 41%
Magic:  14/19      EV: 13    Int: 27    God:    Vehumet [......]
Gold:   0          SH:  0    Dex: 21    Spells: 2 memorised, 4 levels left

rFire  . . .     SeeInvis .     I - +6 Majin-Bo {vamp, Archmagi MP+6 Int+6}
rCold  . . .     Clarity  .     a - +0 robe
rNeg   + . .     SustAt   .     (shield currently unavailable)
rPois  .         Gourm    .     (no helmet)
rElec  .         Spirit   .     (no cloak)
rCorr  .         Warding  .     (no gloves)
rMut   .         NoTele   +     (no boots)
MR     +....                    (no amulet)
Stlth  ++........               K - ring "Zal Wil" {rN+ MR+}
                                y - +6 ring of dexterity

@: somewhat resistant to hostile enchantments, unstealthy
A: no striking features
a: Renounce Religion


You were in the Dungeon.
You worshipped Vehumet.
Vehumet was noncommittal.
You were hungry.

You visited 1 branch

Inventory:

Hand Weapons
 I - the +6 Majin-Bo (weapon) {vamp, Archmagi MP+6 Int+6}
   (You found it in the Dungeon)

   It inflicts no extra harm, but heals its wielder somewhat when it strikes a
   living foe.
   It affects your intelligence (+6).
   It affects your magic capacity (+6).
Armour
 a - a +0 robe (worn)
 J - the +15 Maxwell's patent armour {-Cast -Tele rElec MR+ rCorr}
   (You found it in the Dungeon)

   It insulates you from electricity.
   It affects your resistance to hostile enchantments.
   It prevents spellcasting.
   It prevents most forms of teleportation.
   It protects you from acid and corrosion.
Jewellery
 y - a +6 ring of dexterity (left hand)
 z - a +6 ring of dexterity
 A - a +6 ring of intelligence
 B - a +6 ring of intelligence
 C - a +6 ring of strength
 D - a +6 ring of strength
 K - the ring "Zal Wil" (right hand) {rN+ MR+}
   (You found it in the Dungeon)

   [ring of protection from magic]

   It protects you from negative energy.
   It affects your resistance to hostile enchantments.
Wands
 E - a wand of disintegration (5)
 F - a wand of fire (4)
 G - a wand of cold (5)
 H - a wand of draining (5)
Scrolls
 i - 4 scrolls of blinking
 p - 4 scrolls of amnesia
 q - 3 scrolls of recharging
 r - 7 scrolls of fog
 s - a scroll of holy word
 t - 5 scrolls of identify
 u - 5 scrolls of remove curse
 v - 2 scrolls of fear
Potions
 d - 10 potions of curing
 e - 9 potions of heal wounds
 f - 6 potions of haste
 g - 7 potions of magic
 h - 3 potions of berserk rage
 j - 2 potions of brilliance
 k - 2 potions of invisibility
 l - 4 potions of resistance
 n - 5 potions of agility
 o - 5 potions of might
Books
 b - a book of Flames

   Spells                             Type                      Level
   a - Flame Tongue                   Conjuration/Fire             1
   b - Throw Flame                    Conjuration/Fire             2
   c - Conjure Flame                  Conjuration/Fire             3
   d - Inner Flame                    Hexes/Fire                   3
   e - Sticky Flame                   Conjuration/Fire             4
   f - Fireball                       Conjuration/Fire             5
Comestibles
 c - 5 bread rations
 m - 3 chunks of flesh
 w - 40 fruits
 x - 4 meat rations


   Skills:
 - Level 2.4 Dodging
 - Level 2.4 Stealth
 + Level 3.0 Spellcasting
 - Level 8.0 Conjurations
 - Level 7.3 Fire Magic
 - Level 8.0 Evocations


You had 4 spell levels left.
You knew the following spells:

 Your Spells              Type           Power        Failure   Level  Hunger
a - Flame Tongue          Conj/Fire      #####        1%          1    None
b - Fireball              Conj/Fire      ######....   14%         5    ######.


Dungeon Overview and Level Annotations

Branches:
Dungeon (1/1)

Altars:
Ashenzari
Cheibriados
Dithmenos
Elyvilon
Fedhas
Gozag
Kikubaaqudgha
Makhleb
Nemelex Xobeh
Okawaru
Qazlal
Ru
Sif Muna
Trog
Vehumet
Xom
Yredelemnul
Zin
The Shining One
Beogh
Jiyva
Lugonu


Message History

Aim: a deep elf mage, wielding a rapier and wearing a ring mail You feel a surge of power!
The fireball explodes!
The fireball engulfs the deep elf mage.
The deep elf mage is severely wounded.
The fireball engulfs the deep elf conjurer.
The deep elf conjurer is severely wounded.
The fireball engulfs the deep elf fighter.
The deep elf fighter is heavily wounded.
The deep elf fighter shouts!
You are feeling hungry.
The deep elf conjurer gestures at you while chanting.
The bolt of fire hits you!
Ouch! That really hurt!
* * * LOW HITPOINT WARNING * * *
Drink which item? (? for menu, Esc to quit)
You feel much better.
The deep elf fighter wields a longbow.
The deep elf fighter shoots an arrow of flame.
The arrow of flame hits you!!
Ouch! That really hurt!
You die...

▓▓▓▓▓▓▓▓▓▓▓▓▓
▓.8©8.▓.8©8.▓
▓.e.:.▓.....▓
▓...e.▓.|...▓
▓..e..▓.)..)▓
▓.....▓.....▓
▓.....▓.....▓
▓..@..▓▓▓▓▓▓▓
▓▓▓▓▓▓▓


You could see a deep elf conjurer, a deep elf fighter and a deep elf mage.

Vanquished Creatures
  Sigmund (D)
  Jessica (D)
2 creatures vanquished.

Notes
Turn   | Place    | Note
--------------------------------------------------------------
     0 | D        | Ponchio the Deep Elf Fire Elementalist began the quest for the Orb.
     0 | D        | Reached XP level 1. HP: 10/10 MP: 6/6
     0 | D        | Found a roughly hewn altar of Beogh.
     0 | D        | Found a viscous altar of Jiyva.
     0 | D        | Found a corrupted altar of Lugonu.
     0 | D        | Found a white marble altar of Elyvilon.
     0 | D        | Found a sparkling altar of Nemelex Xobeh.
     1 | D        | Found a burning altar of Makhleb.
     1 | D        | Found an iron altar of Okawaru.
     1 | D        | Found a deep blue altar of Sif Muna.
     1 | D        | Found a radiant altar of Vehumet.
     1 | D        | Found a bloodstained altar of Trog.
     1 | D        | Found a shimmering altar of Xom.
    32 | D        | Became a worshipper of Vehumet
    49 | D        | Reached skill level 8 in Evocations
    49 | D        | Reached XP level 2. HP: 15/15 MP: 8/9
    96 | D        | Entered arena 1.
    96 | D        | Noticed Sigmund
    96 | D        | Noticed Jessica
    98 | D        | Killed Sigmund
    98 | D        | Reached XP level 3. HP: 19/19 MP: 10/10
    98 | D        | Reached XP level 4. HP: 24/24 MP: 12/12
    98 | D        | Reached XP level 5. HP: 28/28 MP: 13/13
    99 | D        | Killed Jessica
   108 | D        | Got the ring "Zal Wil" {rN+ MR+}
   131 | D        | Learned a level 5 spell: Fireball
   134 | D        | Entered arena 2.
   134 | D        | Noticed a deep elf conjurer
   134 | D        | Noticed a deep elf fighter
   134 | D        | Noticed a deep elf mage
   136 | D        | Shot with an arrow of flame by a deep elf fighter

Action                   |  1- 3 |  4- 6 || total
-------------------------+-------+-------++-------
 Cast: Fireball          |       |     1 ||     1
Evoke: Wand              |     1 |     2 ||     3
  Use: Potion            |     1 |     1 ||     2
  Eat: Fruit             |     2 |       ||     2
